[Event "4th Tata Steel India Blitz Open 2022"]
[Site "Kolkota"]
[Date "2022.12.04"]
[Round "18.3"]
[White "Nihal Sarin"]
[Black "Erigaisi Arjun"]
[Result "1/2-1/2"]
[ECO "A01"]
[WhiteElo "2670"]
[BlackElo "2718"]
[Annotator "TA"]
[PlyCount "112"]
[EventDate "2022.11.29"]
[EventType "tourn"]
[EventCountry "IND"]
[SourceTitle "playchess.com"]
[Source "ChessBase"]
[SourceQuality "1"]
[TimeControl "180+2"]

1. b3 e5 2. Bb2 Nc6 3. e3 d5 4. Bb5 Bd6 5. Nf3 f6 6. c4 Nge7 {[%emt 0:00:11][%cal Bg8e7,Be7d5,Bd5c3][%mdl 32] A01: Nimzowitsch-Larsen Opening.} (6... a6 $5 7. Bxc6+ bxc6 $11) 7. cxd5 Nxd5 8. Nc3 Nxc3 9. Bxc3 {[%emt 0:00:01] [#]} O-O $146 ({Predecessor:} 9... Bd7 10. Bxc6 Bxc6 11. Nxe5 fxe5 12. Bxe5 Bxe5 13. Qh5+ Kd7 14. Qxe5 Kc8 15. Qxg7 Rg8 16. Qxh7 Rxg2 {0-1 (39) Ribas Castells,J (1935)-Ponce Cano,A (1929) Palma de Mallorca 2012}) 10. Bxc6 bxc6 11. d3 Ba6 12. Qc2 Qe8 13. e4 Rd8 14. O-O Qh5 15. Rad1 f5 {[%emt 0:00:10] aiming for ...fxe4.} 16. Rfe1 fxe4 (16... c5 $11) 17. Rxe4 $14 Rxf3 18. gxf3 c5 {[%emt 0:00:01] [#]} 19. Qe2 (19. Rg4 Rf8 $14) (19. Rde1 $1 $16) 19... Bb7 $11 {[%emt 0:00:01] [#]} 20. Re1 $1 Rf8 21. Kg2 Rf6 22. Rg1 h6 23. h3 Bxe4 (23... Ba8 {is more complex.} 24. Bb2 Bc6 25. Qe3 Bxe4 26. Qxe4 Kf7) 24. dxe4 ({But not} 24. Qxe4 Rf4 25. Qd5+ Kh7 $15) 24... Kh7 25. Rh1 $2 (25. Bb2 $11 {and White is okay.}) 25... Qg5+ $19 26. Kf1 Qf4 (26... Rg6 $19 {Threatens to win with ...Qg2+.} 27. Qd1 Qg2+ 28. Ke2 Rf6) 27. Bd2 $11 {[%emt 0:00:04] The position is equal.} Qxf3 28. Qxf3 Rxf3 {[%emt 0:00:01][%mdl 4096] Endgame KRB-KRB} 29. Ke2 Rf6 30. Be3 Be7 31. Rc1 Ra6 32. Rc2 Kg6 33. Kf3 Kf6 34. Bxc5 Bxc5 35. Rxc5 Rxa2 {[%emt 0:00:01] KR-KR} 36. Rc6+ Kf7 37. Rxc7+ Kf6 38. Rc6+ Kf7 39. h4 h5 40. Rc7+ Kf6 41. Rc6+ Kf7 42. Kg3 Rb2 43. Rc7+ Kf6 44. Rxa7 Rxb3+ 45. f3 Rb6 46. Ra8 Rb1 47. Rf8+ Ke6 48. Re8+ Kf6 49. Rf8+ Ke6 50. Ra8 g6 51. Ra6+ Kf7 52. Ra7+ Kf6 53. Ra6+ Kf7 54. Ra3 Rg1+ 55. Kf2 Rh1 56. Kg3 Kf6 {[%emt 0:00:02] Weighted Error Value: White=0.17 (very precise) /Black=0.14 (very precise)} 1/2-1/2

[Event "4th Tata Steel India Blitz Open 2022"]
[Site "Kolkota"]
[Date "2022.12.04"]
[Round "18.4"]
[White "Abdusattorov, Nodirbek"]
[Black "Maghsoodloo, Parham"]
[Result "1/2-1/2"]
[ECO "C50"]
[WhiteElo "2713"]
[BlackElo "2720"]
[Annotator "TA"]
[PlyCount "241"]
[EventDate "2022.11.29"]
[EventType "tourn"]
[EventCountry "IND"]
[SourceTitle "playchess.com"]
[Source "ChessBase"]
[SourceQuality "1"]
[TimeControl "180+2"]

1. e4 e5 2. Nf3 Nc6 3. Bc4 Bc5 4. d3 Nf6 5. Nc3 h6 6. O-O O-O 7. h3 d6 8. Na4 Bb6 9. a3 Be6 10. Bxe6 fxe6 11. c3 Qe8 12. b4 Ne7 13. Re1 Ng6 14. d4 Nd7 15. Be3 Rf6 16. Nh2 Nf4 17. Ng4 Rf8 18. Nxb6 axb6 19. Bxf4 Rxf4 20. g3 Rf8 21. a4 Qg6 22. Nh2 Rf6 23. Ra2 Raf8 24. Re3 Rf4 25. Rae2 h5 26. Kg2 h4 27. Ng4 hxg3 28. fxg3 exd4 29. cxd4 R4f7 30. e5 dxe5 31. dxe5 Nb8 32. b5 Nd7 33. Qc2 Qxc2 34. Rxc2 Nc5 35. a5 Rd8 36. Ra3 Ra8 37. Ne3 Rd7 38. Nc4 bxa5 39. Rxa5 Rxa5 40. Nxa5 Rd5 41. Nc4 b6 42. Ra2 ({White should play} 42. h4 $15) 42... Nd3 (42... Nb3 $17 {Hoping for ...Nd4.} 43. Ra7 Rc5) 43. Ra8+ {[%emt 0:00:06] [#]} Kh7 $1 44. Re8 (44. Rc8 $142) 44... Rc5 ({Worse is} 44... Nxe5 45. Nxe5 Rxe5 46. Re7 $15) (44... Rxb5 $142 {...Rc5 is the strong threat.} 45. Rxe6 Rc5) 45. Ne3 Rxe5 46. Ng4 (46. Kf3 $142) 46... Rxb5 $17 47. Rxe6 Rc5 48. Re3 Rd5 (48... Nb4 $17 {Threatens to win with ...b5.} 49. Kf3 Nc6) 49. Re7 $11 Rc5 50. Nf6+ Kg6 51. Ne8 Re5 52. Rxg7+ Kh6 53. Rxc7 Rxe8 54. Rc6+ Kg5 55. Rxb6 Re3 56. Rb5+ Ne5 57. Kf2 Re4 58. Ra5 Kf6 59. Ra6+ Kf5 60. Ra8 Nd3+ 61. Kf3 Ne5+ 62. Kf2 Rb4 63. Rf8+ Kg5 64. Kg2 Rb2+ 65. Rf2 Rb3 66. Re2 Nf7 67. Ra2 Nd6 68. Ra5+ Kf6 69. Ra6 Ke5 70. Ra5+ Ke4 71. Ra4+ Ke3 72. g4 Ne4 73. Ra2 Kf4 74. g5 Rg3+ 75. Kf1 Rxg5 76. Ra3 Rd5 77. Ra8 Kf3 78. Rf8+ Ke3 79. h4 Rd2 80. Re8 Rh2 81. h5 Rxh5 82. Kg2 Rg5+ 83. Kf1 Rg4 84. Re7 Rg8 85. Re5 Kf4 86. Re7 Kf3 87. Rf7+ Ke3 88. Re7 Rg4 89. Re8 Rg5 90. Re7 Rg6 91. Re8 Rg7 92. Re5 Kf4 93. Re8 Rd7 94. Ke1 Ke3 95. Kf1 Rd2 96. Re7 Rf2+ 97. Ke1 Rh2 98. Kf1 Rh5 99. Re8 $1 Rh6 100. Re7 Kf3 101. Rf7+ Nf6 102. Ke1 Ke3 103. Kd1 Kd3 104. Kc1 Nd5 105. Kb2 Rb6+ 106. Kc1 Ne3 107. Rd7+ Kc3 108. Rc7+ Nc4 109. Rc8 Rg6 110. Kd1 Kd3 111. Rd8+ Nd6 112. Ke1 Ke3 113. Kd1 Kd3 114. Ke1 Rf6 115. Ra8 Nb5 116. Rd8+ Nd4 117. Rd7 Rf8 118. Rd5 Kc4 119. Rd7 Kc3 120. Rc7+ Kd3 121. Rd7 1/2-1/2

[Event "4th Tata Steel India Blitz Open 2022"]
[Site "Kolkota"]
[Date "2022.12.04"]
[Round "18.5"]
[White "Gukesh D"]
[Black "So, Wesley"]
[Result "0-1"]
[ECO "B81"]
[WhiteElo "2725"]
[BlackElo "2760"]
[Annotator "TA"]
[PlyCount "59"]
[EventDate "2022.11.29"]
[EventType "tourn"]
[EventCountry "IND"]
[SourceTitle "playchess.com"]
[Source "ChessBase"]
[SourceQuality "1"]
[TimeControl "180+2"]

1. e4 c5 2. Nf3 d6 3. d4 cxd4 4. Nxd4 Nf6 5. Nc3 a6 6. h3 e6 7. g4 Nfd7 {[%emt 0:00:02] B81: Sicilian Scheveningen: Keres Attack.} 8. g5 b5 9. h4 Bb7 {[%emt 0:00:09] The position is equal.} 10. Bg2 Be7 11. Be3 Ne5 $5 {[%emt 0:00:28][%mdl 4] [#] A promising side line.} 12. f4 $146 ({Predecessor:} 12. Qh5 O-O 13. Qe2 b4 14. Nd1 a5 15. b3 Nbc6 16. Nxc6 Nxc6 17. Nb2 Qc7 18. Nd3 {0-1 (51) Puranik,A (2608)-Salem,A (2690) Chess.com INT 2022}) 12... Nc4 13. Bc1 Nc6 (13... d5 $14) 14. b3 (14. Nxc6 $16 Bxc6 15. b3) 14... Qa5 $11 15. Rh3 Na3 {[%emt 0:00:25] ...Nxd4 is the strong threat.} 16. Nxc6 Bxc6 17. Qd2 Rc8 18. Kd1 ({White should try} 18. Bb2 $1 $11) 18... h6 {[%emt 0:00:12] [#] Threatens to win with ...hxg5.} (18... b4 {simplifies} 19. Ne2 O-O 20. Bxa3 Qxa3 21. Rc1 d5) 19. Ne2 b4 (19... Qxd2+ {simplifies} 20. Bxd2 hxg5 21. fxg5 Bd7) 20. c3 (20. c4 $11) 20... Qb6 {[%emt 0:00:19] aiming for ...Qf2.} (20... Qc5 $5 21. Qd3 (21. cxb4 $2 {too greedy.} Qf2 $19) 21... d5 22. cxb4 (22. Qxa6 $2 Ra8 $19) (22. Bxa3 bxa3 23. exd5 Rd8 $15) 22... Qf2 $15) 21. cxb4 $2 (21. Qd4 $11 Qxd4+ 22. Nxd4) 21... Qf2 $1 $19 22. Ng3 (22. Rg3 $142 Bb5 23. Bxa3 Bxe2+ 24. Qxe2 Qxg3 25. gxh6) 22... Qg1+ 23. Bf1 hxg5 ({Don't blunder} 23... Bb5 $2 24. Bxa3 Bxf1 25. Rh1 Qxg3 26. Rxf1 $19) 24. fxg5 $2 (24. Qe3 Qxe3 25. Bxe3) 24... Bxg5 $2 25. Qb2 $2 (25. Qxg5 $15 Qd4+ 26. Qd2 Qxa1 27. Qb2) 25... Bf6 ({Not} 25... Rxh4 26. Bxg5 Rxh3 27. Qxg7 $17) 26. Qxa3 Qd4+ (26... Bb5 $142 27. Be3 Qxe3) 27. Ke1 Qxa1 28. Bxa6 {[%emt 0:00:05] [#]} Bb7 $1 29. Qa4+ (29. Ne2 Bxa6) 29... Ke7 30. Bxb7 {[%emt 0:00:07] Weighted Error Value: White=1.26/Black=1.00} 0-1